 Dungeon Sprint DCSS version bcrawl-1.23.1-30-gcf7fa35852 (webtiles) character file.

Game seed: 15722381726638003761

809 funkygono the Protected (level 7, -1/53 HPs)
             Began as a Gargoyle Fighter on May 30, 2020.
             Was a Follower of Vehumet.
             Killed from afar by an orc wizard (7 damage)
             ... with a puff of flame
             ... in the Dungeon (Sprint V: "Ziggurat Sprint").
             The game lasted 00:04:37 (276 turns).

funkygono the Protected (Gargoyle Fighter)           Turns: 276, Time: 00:04:38

Health: -1/53      AC: 31    Str: 38    XL:     7   Next: 92%
Magic:  8/11       EV:  8    Int: 40    God:    Vehumet [*.....]
Gold:   0          SH:  0    Dex:  9    Spells: 10/11 levels left

rFire    . . .     SeeInvis .   F - +6 Majin-Bo {vamp, *Drain Str+12 Int+24}
rCold    . . .     Gourm    .   (shield currently unavailable)
rNeg     + . .     Faith    .   a - +5 crystal plate armour
rPois    ∞         Spirit   .   (no helmet)
rElec    +         Reflect  .   (no cloak)
rCorr    .         Harm     .   (no gloves)
MR       .....     NoTele   +   (no boots)
Stlth    ..........             (no amulet)
HPRegen  0.17/turn              A - +6 ring of strength
MPRegen  0.12/turn              y - +6 ring of intelligence

@: no status effects
A: negative energy resistance 1, electricity resistance, unbreathing,
petrification resistance, rot immunity, AC +4
a: Renounce Religion


You were in the Dungeon.
You worshipped Vehumet.
Vehumet was aware of your devotion.
You were not hungry.

You visited 1 branch

Inventory:

Hand Weapons
 F - the +6 Majin-Bo (weapon) {vamp, *Drain Str+12 Int+24}
   (You found it in the Dungeon)

   It inflicts no extra harm, but heals its wielder when it wounds a living foe.
   It affects your strength (+12).
   It affects your intelligence (+24).
   It causes draining when unequipped.
Armour
 a - a +5 crystal plate armour (worn)
 b - +5 fire dragon scales
 c - +5 gold dragon scales
 G - +5 ice dragon scales
 H - +5 shadow dragon scales
 K - +5 storm dragon scales
Magical Staves
 I - an uncursed staff of wizardry
Jewellery
 y - a +6 ring of intelligence (right hand)
 z - a +6 ring of intelligence
 A - a +6 ring of strength (left hand)
 B - a +6 ring of strength
Wands
 C - a wand of disintegration (7)
 D - a wand of iceblast (7)
 E - a wand of acid (7)
Scrolls
 k - 4 scrolls of blinking
 q - 4 scrolls of amnesia
 r - 7 scrolls of fog
 s - 5 scrolls of identify
 t - 5 scrolls of remove curse
 u - 2 scrolls of fear
Potions
 d - 6 potions of might
 f - 10 potions of curing
 g - 10 potions of heal wounds
 h - 6 potions of haste
 i - 7 potions of magic
 j - 3 potions of berserk rage
 l - 2 potions of brilliance
 m - 2 potions of invisibility
 n - 4 potions of resistance
 p - 5 potions of agility
Miscellaneous
 v - a lightning rod (4/4)
 w - a phial of floods
 x - a sack of spiders
Comestibles
 e - 6 rations {!d}
 o - 9 chunks of flesh


   Skills:
 + Level 10.4 Fighting
   Level 2.0(5.7) Maces & Flails
 + Level 8.5(8.7) Staves
 + Level 11.6 Armour
 + Level 2.4 Dodging
 + Level 2.2 Stealth
   Level 3.2 Shields
 + Level 2.7 Spellcasting


You had 10 spell levels left.
You knew the following spells:

 Your Spells              Type           Power        Failure   Level  Hunger
a - Flame Tongue          Conj/Fire      #....        12%         1    None
Your spell library was empty.

Dungeon Overview and Level Annotations

Branches:
Dungeon (1/1)

Altars:
Ashenzari
Cheibriados
Dithmenos
Elyvilon
Fedhas
Gozag
Hepliaklqana
Kikubaaqudgha
Lugonu
Makhleb
Nemelex Xobeh
Okawaru
Qazlal
Ru
Sif Muna
Trog
Uskayaw
Vehumet
Wu Jian
Xom
Yredelemnul
Zin
The Shining One
Beogh
Jiyva

Annotations:
D 1 transporter


Innate Abilities, Weirdness & Mutations

You are resistant to torment.
Your stone body is resilient. (AC +4)
You are immune to poison.
You resist negative energy. (rN+)
You are resistant to electric shocks. (rElec)
You can survive without breathing.
You are immune to petrification.
You are immune to rotting.


Message History

The orc wizard is lightly wounded.
The orc hits you but does no damage.
The orc priest hits you but does no damage.
The orc wizard barely misses you.
You hit the orc wizard.
The orc wizard is heavily wounded.
The orc wizard hits you but does no damage.
The orc priest calls down the wrath of Beogh upon you.
Beogh smites you! The orc completely misses you.
The orc priest invokes the aid of Beogh against you.
Beogh smites you!
* * * LOW HITPOINT WARNING * * *
You sock the orc!
You feel better.
You kill the orc!
Vehumet accepts your kill.
Vehumet offers you knowledge of Magic Dart.
The orc wizard hits you but does no damage.
The orc wizard casts a spell at you. The puff of flame hits you!
You die...

▓▓▓▓▓▓▓▓▓▓▓▓▓▓▓▓▓▓▓
▓.8©8.▓.8©8.▓.8©8.▓
▓.)::.▓.[)..▓.....▓
▓..|..▓.....▓.....▓
▓.....▓.....▓.))..▓
▓.oo..▓..÷÷.▓.....▓
▓.)@o.▓.....▓..©..▓
▓..©..▓..©..▓▓▓▓▓▓▓
▓▓▓▓▓▓▓▓▓▓▓▓▓


You could see 2 orc priests and an orc wizard.

Vanquished Creatures
  2 draconians (D)
  An adder (D)
  An orc (D)
  2 ball pythons (D)
6 creatures vanquished.

Notes
Turn   | Place    | Note
-------+----------+-------------------------------------------
     0 | D        | funkygono the Gargoyle Fighter began the quest for the Orb.
     0 | D        | Reached XP level 1. HP: 14/14 MP: 1/1
     0 | D        | Found a shimmering blue altar of Sif Muna.
     0 | D        | Found a sacrificial altar of Ru.
     0 | D        | Found a bloodstained altar of Trog.
     0 | D        | Found a stormy altar of Qazlal.
     0 | D        | Found an iron altar of Okawaru.
     0 | D        | Found a sparkling altar of Nemelex Xobeh.
     0 | D        | Found a blossoming altar of Fedhas.
     1 | D        | Found the +6 Majin-Bo {vamp, *Drain Str+12 Int+24}
     1 | D        | Found the +7 great mace "Firestarter" {inner flame, rF++}
     2 | D        | Found a transporter.
     2 | D        | Found an ancient bone altar of Kikubaaqudgha.
     2 | D        | Found a viscous altar of Jiyva.
     2 | D        | Found a corrupted altar of Lugonu.
     2 | D        | Found a hazy altar of Hepliaklqana.
     2 | D        | Found a burning altar of Makhleb.
     2 | D        | Found an opulent altar of Gozag.
    23 | D        | Found the +9 heavy crossbow "Sniper" {velocity, Acc+∞ SInv}
    23 | D        | Found the +10 dark maul {crush}
    23 | D        | Found the +15 Maxwell's patent armour {-Cast -Tele rElec
                  | MR+ rCorr}
    23 | D        | Found the +18 shield of the Gong {rElec rN+ MR+ EV-5}
    23 | D        | Found the cursed +14 obsidian axe {chop, +Fly SInv *Curse}
    25 | D        | Found the +6 shillelagh "Devastator" {shatter}
    25 | D        | Found the +11 plutonium sword {*Contam Stlth-}
    25 | D        | Found the +8 lance "Wyrmbane" {slay drac, rPois rF+ rC+
                  | AC+3}
    25 | D        | Found the +9 sword of Zonguldrok {reap}
    25 | D        | Found the cursed +13 scythe of Curses {drain, *Curse}
    25 | D        | Found the +0 sword of Power
    25 | D        | Found the +7 mace of Variability {chain chaos}
    25 | D        | Found the +7 Singing Sword {slice}
    25 | D        | Found the +7 longbow "Piercer" {penet, EV-2}
   119 | D        | Reached skill level 4 in Armour
   119 | D        | Reached XP level 2. HP: 20/20 MP: 1/5
   168 | D        | Became a worshipper of Vehumet
   181 | D        | Entered arena 2.
   181 | D        | Noticed a draconian
   181 | D        | Noticed a draconian
   181 | D        | Found a transporter.
   205 | D        | Killed a draconian
   205 | D        | Reached skill level 10 in Armour
   205 | D        | Reached skill level 1 in Stealth
   205 | D        | Reached XP level 3. HP: 31/31 MP: 7/7
   205 | D        | Reached XP level 4. HP: 36/36 MP: 8/8
   205 | D        | Reached XP level 5. HP: 41/41 MP: 9/9
   205 | D        | Reached XP level 6. HP: 46/46 MP: 10/10
   218 | D        | Killed a draconian
   218 | D        | Reached skill level 10 in Fighting
   218 | D        | Reached skill level 11 in Armour
   218 | D        | Reached XP level 7. HP: 52/53 MP: 11/11
   229 | D        | Entered arena 3.
   229 | D        | Found a transporter.
   237 | D        | Reached * piety under Vehumet
   237 | D        | Offered knowledge of Flame Tongue by Vehumet.
   259 | D        | Learned a level 1 spell: Flame Tongue
   265 | D        | Entered arena 4.
   265 | D        | Found a transporter.
   275 | D        | HP: 2/53 [orc priest/divine providence (15)]
   276 | D        | Offered knowledge of Magic Dart by Vehumet.
   276 | D        | Killed from afar by an orc wizard

Skill      XL: |  1  2  3  4  5  6 |
---------------+-------------------+-----
Fighting       | 4 9 10 | 10.4
Staves         | 3 6 8 |  8.5
Armour         | 4 10 11 | 11.6
Dodging        | 2 |  2.4
Spellcasting   | 2 |  2.7
Stealth        | 1 2 |  2.2
Maces & Flails | |  2.0
Shields        | |  3.2

Action                   |  1- 3 |  4- 6 |  7- 9 || total
-------------------------+-------+-------+-------++-------
Melee: Quarterstaff      |    23 |    13 |    22 ||    58
 Cast: Flame Tongue      |       |       |     4 ||     4
  Use: Potion            |     1 |       |       ||     1
  Eat: Ration            |     1 |       |       ||     1
Armor: Crystal plate arm |    31 |     6 |    42 ||    79
Dodge: Dodged            |     8 |     3 |    12 ||    23
